General information
- name: BIG FFA, Fast Host, Join NoW!!!
- type: Custom game
- host: dering
- saver: TIMG4STRok
map: DivideAndConquer
- players: 9
- length: 62:38
- speed: Fast
- version: 1.24 W3XP
- replay type:

» download(512 KB)
Players
team 1 (winner)

»
dering (
red | 45 APM | 2703 actions | 59:34)
5 Mountain King
3 Storm Bolt
2 Bash
5 Paladin
3 Holy Light
2 Divine Shield
3 Archmage
2 Blizzard
1 Brilliance Aura
» actions
| Assign group hotkey | 56 | |
| Basic commands | 151 | |
| Build / train | 135 | |
| ESC pressed | 10 | |
| Enter build submenu | 56 | |
| Enter hero's abilities submenu | 13 | |
| Give item / drop item | 2 | |
| Remove unit from queue | 2 | |
| Right click | 943 | |
| Select / deselect | 531 | |
| Select group hotkey | 617 | |
| Use ability | 187 | |
2703 total
» units
| Peasant | 25 | |
| Rifleman | 12 | |
| Dragonhawk Rider | 11 | |
| Knight | 6 | |
| Gryphon Rider | 2 | |
| Priest | 3 | |
59 total
» upgrades
| Long Rifles | 1 | |
| Gunpowder | 3 | |
| Armor | 2 | |
| Lumber Harvesting | 2 | |
| Masonry | 3 | |
| Animal War Training | 1 | |
| Cloud | 1 | |
| Swords | 3 | |
| Priest Training | 2 | |
| Storm Hammers | 1 | |
19 total
» buildings
| Farm | 18 | |
| Altar of Kings | 5 | |
| Blacksmith | 1 | |
| Barracks | 1 | |
| Lumber Mill | 6 | |
| Arcane Vault | 1 | |
| Scout Tower | 9 | |
| Guard Tower | 8 | |
| Keep | 1 | |
| Castle | 1 | |
| Town Hall | 4 | |
| Workshop | 1 | |
| Gryphon Aviary | 3 | |
| Arcane Sanctum | 1 | |
60 total
» build order
00:21 Farm
00:34 Altar of Kings
01:20 Blacksmith
01:34 Barracks
01:37 Farm
02:01 Farm
02:27 Lumber Mill
02:37 Lumber Mill
02:45 Arcane Vault
03:08 Farm
04:09 Farm
04:12 Scout Tower
04:47 Guard Tower
04:51 Scout Tower
05:19 Guard Tower
05:54 Keep
07:29 Farm
07:50 Farm
09:11 Castle
10:51 Scout Tower
11:35 Guard Tower
11:54 Scout Tower
13:00 Guard Tower
14:22 Town Hall
15:22 Lumber Mill
16:17 Workshop
16:27 Gryphon Aviary
18:55 Scout Tower
18:56 Scout Tower
19:26 Guard Tower
20:18 Altar of Kings
21:31 Farm
22:58 Scout Tower
23:22 Farm
23:24 Farm
23:32 Guard Tower
23:40 Arcane Sanctum
24:28 Guard Tower
25:23 Town Hall
27:04 Lumber Mill
28:31 Town Hall
29:14 Gryphon Aviary
29:25 Scout Tower
29:27 Scout Tower
29:36 Gryphon Aviary
29:56 Farm
29:57 Farm
30:06 Guard Tower
30:41 Farm
34:30 Altar of Kings
35:25 Town Hall
36:56 Farm
37:50 Lumber Mill
40:44 Altar of Kings
40:46 Farm
41:33 Farm
41:37 Farm
41:41 Farm
43:19 Altar of Kings
44:36 Lumber Mill
» items
| Lesser Clarity Potion | 5 | |
| Scroll of Regeneration | 9 | |
| Potion of Healing | 1 | |
| Scroll of Town Portal | 4 | |
| Scroll of Healing | 2 | |
| Staff of Teleportation | 2 | |
| Boots of Speed | 1 | |
| Potion of Lesser Invulnerability | 3 | |
| Potion of Invisibility | 1 | |
| Circlet of Nobility | 1 | |
29 total
team 2 (loser)
screendevil911 (
teal | 36 APM | 974 actions | 27:08)
3 Archmage
2 Summon Water Elemental
1 Brilliance Aura
2 Paladin
1 Holy Light
1 Divine Shield
» actions
| Assign group hotkey | 3 | |
| Build / train | 66 | |
| Enter build submenu | 23 | |
| Enter hero's abilities submenu | 5 | |
| Right click | 348 | |
| Select / deselect | 410 | |
| Select group hotkey | 10 | |
| Use ability | 109 | |
974 total
» units
| Peasant | 8 | |
| Footman | 7 | |
| Rifleman | 6 | |
| Sorceress | 7 | |
| Mortar Team | 10 | |
| Knight | 7 | |
| Gryphon Rider | 4 | |
| Siege Engine | 1 | |
50 total
» upgrades
» buildings
| Altar of Kings | 1 | |
| Barracks | 1 | |
| Farm | 12 | |
| Scout Tower | 7 | |
| Arcane Tower | 2 | |
| Lumber Mill | 1 | |
| Keep | 1 | |
| Blacksmith | 1 | |
| Guard Tower | 2 | |
| Arcane Sanctum | 1 | |
| Arcane Vault | 1 | |
| Castle | 1 | |
| Workshop | 1 | |
| Cannon Tower | 1 | |
| Gryphon Aviary | 1 | |
34 total
» build order
00:11 Altar of Kings
00:16 Barracks
00:39 Farm
00:40 Farm
02:05 Farm
02:34 Scout Tower
02:58 Scout Tower
03:07 Arcane Tower
03:12 Farm
03:38 Lumber Mill
03:59 Arcane Tower
04:04 Scout Tower
04:32 Farm
04:41 Keep
04:54 Blacksmith
05:03 Guard Tower
05:38 Scout Tower
06:38 Guard Tower
06:47 Farm
07:22 Arcane Sanctum
07:50 Arcane Vault
08:38 Castle
09:11 Workshop
10:08 Farm
10:12 Farm
13:20 Scout Tower
15:01 Farm
15:39 Cannon Tower
17:12 Gryphon Aviary
20:02 Scout Tower
20:04 Scout Tower
21:31 Farm
21:33 Farm
21:35 Farm
team 3 (loser)
Twi.light (
yellow | 89 APM | 1306 actions | 14:38)
4 Mountain King
2 Storm Bolt
2 Bash
2 Paladin
1 Holy Light
1 Divine Shield
» actions
| Assign group hotkey | 35 | |
| Build / train | 70 | |
| ESC pressed | 4 | |
| Enter build submenu | 28 | |
| Enter hero's abilities submenu | 6 | |
| Right click | 572 | |
| Select / deselect | 267 | |
| Select group hotkey | 255 | |
| Use ability | 69 | |
1306 total
» units
| Peasant | 18 | |
| Footman | 8 | |
| Rifleman | 8 | |
| Sorceress | 4 | |
| Gryphon Rider | 2 | |
| Spell Breaker | 2 | |
| Knight | 1 | |
43 total
» upgrades
| Lumber Harvesting | 1 | |
| Long Rifles | 1 | |
| Priest Training | 1 | |
3 total
» buildings
| Altar of Kings | 1 | |
| Farm | 8 | |
| Barracks | 1 | |
| Lumber Mill | 1 | |
| Scout Tower | 6 | |
| Arcane Tower | 2 | |
| Arcane Vault | 1 | |
| Guard Tower | 3 | |
| Keep | 1 | |
| Town Hall | 1 | |
| Blacksmith | 1 | |
| Arcane Sanctum | 2 | |
| Castle | 1 | |
| Gryphon Aviary | 1 | |
| Workshop | 1 | |
31 total
» build order
00:08 Altar of Kings
00:20 Farm
00:22 Farm
00:24 Barracks
01:38 Lumber Mill
01:42 Scout Tower
01:46 Scout Tower
01:53 Farm
02:26 Arcane Tower
03:10 Scout Tower
03:12 Scout Tower
03:21 Arcane Vault
03:42 Guard Tower
03:44 Guard Tower
04:04 Farm
04:08 Farm
04:29 Keep
04:48 Scout Tower
05:01 Scout Tower
05:02 Arcane Tower
05:14 Guard Tower
06:09 Town Hall
06:27 Farm
06:43 Blacksmith
07:50 Arcane Sanctum
09:38 Castle
10:42 Gryphon Aviary
10:46 Farm
13:33 Arcane Sanctum
13:36 Workshop
14:09 Farm
» items
| Scroll of Regeneration | 3 | |
| Lesser Clarity Potion | 4 | |
| Potion of Healing | 2 | |
9 total
team 4 (loser)

»
mata. (
green | 156 APM | 9766 actions | 62:38)
8 Blademaster
3 Wind Walk
3 Critical Strike
1 Bladestorm
1 Mirror Image
6 Tauren Chieftain
3 War Stomp
2 Endurance Aura
1 Reincarnation
6 Shadow Hunter
2 Hex
3 Healing Wave
1 Big Bad Voodoo
» actions
| Assign group hotkey | 748 | |
| Basic commands | 142 | |
| Build / train | 282 | |
| Enter build submenu | 78 | |
| Enter hero's abilities submenu | 20 | |
| Give item / drop item | 4 | |
| Remove unit from queue | 23 | |
| Right click | 4766 | |
| Select / deselect | 2083 | |
| Select group hotkey | 1175 | |
| Use ability | 445 | |
9766 total
» units
| Peon | 37 | |
| Grunt | 3 | |
| Troll Headhunter/Berserker | 17 | |
| Demolisher | 6 | |
| Shaman | 14 | |
| Troll Witch Doctor | 13 | |
| Troll Batrider | 40 | |
| Wind Rider | 4 | |
| Tauren | 11 | |
| Kodo Beast | 2 | |
147 total
» upgrades
| Witch Doctor Training | 2 | |
| Shaman Training | 2 | |
| Berserker Strength | 1 | |
| Burning Oil | 1 | |
| Reinforced Defenses | 1 | |
| Armor | 3 | |
| Melee Weapons | 3 | |
| Envenomed Spears | 1 | |
| Troll Regeneration | 1 | |
| War Drums Damage Increase | 1 | |
| Berserker Upgrade | 1 | |
| Liquid Fire | 1 | |
| Pulverize | 1 | |
| Ranged Weapons | 3 | |
| Spirit Walker Training | 1 | |
| Spiked Barricades | 1 | |
24 total
» buildings
| Altar of Storms | 1 | |
| Orc Burrow | 8 | |
| Barracks | 1 | |
| Voodoo Lounge | 2 | |
| War Mill | 2 | |
| Stronghold | 2 | |
| Watch Tower | 24 | |
| Spirit Lodge | 1 | |
| Great Hall | 11 | |
| Fortress | 2 | |
| Beastiary | 2 | |
| Tauren Totem | 1 | |
57 total
» build order
00:05 Altar of Storms
00:14 Orc Burrow
00:36 Barracks
01:25 Orc Burrow
02:04 Voodoo Lounge
03:26 War Mill
04:08 Stronghold
04:36 Orc Burrow
04:53 Watch Tower
04:55 Watch Tower
05:39 Orc Burrow
05:41 Orc Burrow
05:46 Watch Tower
07:15 Spirit Lodge
08:45 Watch Tower
08:46 Watch Tower
09:04 Great Hall
09:16 Fortress
10:05 Great Hall
14:35 Watch Tower
15:48 Watch Tower
17:05 Beastiary
18:26 Voodoo Lounge
21:34 Beastiary
23:48 Watch Tower
23:48 Watch Tower
23:49 Watch Tower
23:50 Watch Tower
27:25 Stronghold
27:25 Orc Burrow
28:00 Orc Burrow
28:04 Tauren Totem
30:47 Orc Burrow
31:41 Great Hall
31:43 Great Hall
31:51 Great Hall
32:41 Watch Tower
35:30 Great Hall
36:27 War Mill
36:34 Watch Tower
36:44 Watch Tower
36:44 Watch Tower
36:44 Watch Tower
36:45 Watch Tower
37:04 Watch Tower
38:52 Watch Tower
38:53 Watch Tower
38:54 Watch Tower
42:23 Great Hall
42:49 Watch Tower
42:49 Watch Tower
44:04 Great Hall
44:10 Great Hall
44:27 Watch Tower
45:52 Great Hall
48:16 Great Hall
» items
| Healing Salve | 12 | |
| Orb of Lightning | 3 | |
| Scroll of Town Portal | 6 | |
| Potion of Healing | 3 | |
| Scroll of Protection | 2 | |
| Scroll of Healing | 2 | |
| Periapt of Vitality | 2 | |
| Circlet of Nobility | 1 | |
| Scroll of Speed | 1 | |
| Lesser Clarity Potion | 1 | |
33 total
team 5 (loser)

»
Minkob (
pink | 107 APM | 6656 actions | 62:05)
9 Demon Hunter
3 Immolation
3 Evasion
1 Metamorphosis
2 Mana Burn
9 Keeper of the Grove
3 Entangling Roots
3 Force of Nature
1 Tranquility
2 Thorns Aura
8 Priestess of the Moon
3 Trueshot Aura
3 Scout
1 Starfall
1 Searing Arrows
» actions
| Assign group hotkey | 76 | |
| Basic commands | 513 | |
| Build / train | 211 | |
| ESC pressed | 6 | |
| Enter build submenu | 39 | |
| Enter hero's abilities submenu | 28 | |
| Give item / drop item | 12 | |
| Right click | 1910 | |
| Select / deselect | 1634 | |
| Select group hotkey | 1775 | |
| Use ability | 452 | |
6656 total
» units
| Wisp | 45 | |
| Archer | 4 | |
| Druid of the Claw | 6 | |
| Dryad | 20 | |
| Druid of the Talon | 8 | |
| Mountain Giant | 7 | |
| Hippogryph | 18 | |
| Chimaera | 10 | |
118 total
» upgrades
| Druid of the Claw Training | 2 | |
| Strength of the Wild | 3 | |
| Abolish Magic | 1 | |
| Druid of the Talon Training | 2 | |
| Well Spring | 1 | |
| Reinforced Hides | 3 | |
| Hardened Skin | 1 | |
| Resistant Skin | 1 | |
| Mark of the Talon | 1 | |
| Mark of the Claw | 1 | |
| Corrosive Breath | 1 | |
| Ultravision | 1 | |
| Nature's Blessing | 1 | |
19 total
» buildings
| Altar of Elders | 1 | |
| Moon Well | 12 | |
| Ancient of War | 1 | |
| Tree of Ages | 2 | |
| Hunter's Hall | 1 | |
| Ancient of Lore | 3 | |
| Tree of Eternity | 1 | |
| Tree of Life | 7 | |
| Ancient of Wonders | 1 | |
| Ancient of Wind | 5 | |
| Chimaera Roost | 2 | |
36 total
» build order
00:11 Altar of Elders
00:20 Moon Well
01:16 Ancient of War
01:35 Moon Well
02:28 Tree of Ages
02:58 Moon Well
03:02 Moon Well
03:53 Hunter's Hall
04:27 Moon Well
05:30 Ancient of Lore
05:34 Ancient of Lore
06:13 Tree of Eternity
06:51 Tree of Life
07:10 Moon Well
07:14 Moon Well
08:27 Ancient of Wonders
09:45 Ancient of Wind
10:27 Ancient of Lore
12:23 Ancient of Wind
15:14 Tree of Life
16:52 Chimaera Roost
16:53 Chimaera Roost
19:52 Moon Well
23:02 Tree of Life
28:38 Tree of Life
43:58 Moon Well
43:59 Moon Well
44:44 Tree of Life
48:40 Tree of Life
51:39 Ancient of Wind
51:56 Ancient of Wind
56:31 Tree of Ages
58:36 Tree of Life
58:43 Moon Well
59:19 Moon Well
60:49 Ancient of Wind
» items
| Staff of Preservation | 2 | |
| Scroll of Town Portal | 11 | |
| Orb of Venom | 1 | |
| Boots of Speed | 1 | |
| Potion of Lesser Invulnerability | 8 | |
| Periapt of Vitality | 6 | |
| Scroll of Healing | 4 | |
33 total
team 6 (loser)

»
french17 (
orange | 40 APM | 936 actions | 23:25)
2 Blademaster
1 Wind Walk
1 Mirror Image
1 Shadow Hunter
1 Healing Wave
» actions
| Assign group hotkey | 21 | |
| Basic commands | 9 | |
| Build / train | 43 | |
| Enter build submenu | 50 | |
| Enter hero's abilities submenu | 4 | |
| Give item / drop item | 1 | |
| Remove unit from queue | 1 | |
| Right click | 407 | |
| Select / deselect | 241 | |
| Select group hotkey | 70 | |
| Use ability | 89 | |
936 total
» units
| Peon | 10 | |
| Grunt | 11 | |
| Troll Headhunter/Berserker | 4 | |
| Demolisher | 3 | |
28 total
» upgrades
» buildings
| Altar of Storms | 1 | |
| Orc Burrow | 6 | |
| War Mill | 2 | |
| Barracks | 1 | |
| Voodoo Lounge | 1 | |
| Watch Tower | 24 | |
| Stronghold | 1 | |
| Beastiary | 2 | |
| Spirit Lodge | 1 | |
| Great Hall | 1 | |
40 total
» build order
00:24 Altar of Storms
00:37 Orc Burrow
00:53 War Mill
01:08 Barracks
01:45 Orc Burrow
02:08 Voodoo Lounge
02:31 Orc Burrow
03:48 Orc Burrow
04:56 Watch Tower
04:59 Watch Tower
05:15 Stronghold
06:12 Watch Tower
06:15 Watch Tower
09:15 Watch Tower
09:18 Watch Tower
10:39 Watch Tower
10:44 Watch Tower
11:01 Watch Tower
11:03 Watch Tower
12:10 Watch Tower
12:18 Watch Tower
12:59 Watch Tower
13:03 Watch Tower
13:31 Orc Burrow
14:01 Watch Tower
14:27 Beastiary
14:30 Beastiary
14:38 Spirit Lodge
14:47 Watch Tower
14:57 Watch Tower
15:14 Watch Tower
15:18 Watch Tower
16:25 Watch Tower
16:28 Watch Tower
16:33 Watch Tower
16:49 Watch Tower
17:03 Watch Tower
19:11 War Mill
21:01 Great Hall
21:25 Orc Burrow
» items
| Scroll of Speed | 1 | |
| Potion of Healing | 2 | |
| Scroll of Town Portal | 1 | |
| Healing Salve | 2 | |
| Potion of Mana | 1 | |
7 total
team 7 (loser)

»
TIMG4STRok (
gray | 143 APM | 8949 actions | 62:38)
9 Demon Hunter
3 Mana Burn
3 Evasion
1 Metamorphosis
2 Immolation
9 Keeper of the Grove
3 Entangling Roots
3 Thorns Aura
1 Tranquility
2 Force of Nature
8 Warden
3 Shadow Strike
3 Blink
1 Spirit of Vengeance
1 Fan of Knives
» actions
| Assign group hotkey | 69 | |
| Basic commands | 273 | |
| Build / train | 198 | |
| ESC pressed | 15 | |
| Enter build submenu | 43 | |
| Enter hero's abilities submenu | 27 | |
| Give item / drop item | 7 | |
| Remove unit from queue | 2 | |
| Right click | 3536 | |
| Select / deselect | 976 | |
| Select group hotkey | 3448 | |
| Use ability | 355 | |
8949 total
» units
| Wisp | 62 | |
| Archer | 5 | |
| Dryad | 14 | |
| Druid of the Talon | 12 | |
| Druid of the Claw | 6 | |
| Chimaera | 16 | |
| Hippogryph | 3 | |
118 total
» upgrades
| Sentinel | 0 | |
| Improved Bows | 1 | |
| Ultravision | 1 | |
| Abolish Magic | 1 | |
| Druid of the Claw Training | 2 | |
| Druid of the Talon Training | 2 | |
| Strength of the Wild | 3 | |
| Nature's Blessing | 1 | |
| Well Spring | 1 | |
| Corrosive Breath | 1 | |
| Reinforced Hides | 2 | |
| Mark of the Claw | 1 | |
| Marksmanship | 1 | |
| Mark of the Talon | 1 | |
18 total
» buildings
| Altar of Elders | 1 | |
| Moon Well | 10 | |
| Ancient of War | 1 | |
| Tree of Ages | 1 | |
| Hunter's Hall | 1 | |
| Tree of Life | 6 | |
| Ancient Protector | 15 | |
| Ancient of Lore | 2 | |
| Ancient of Wonders | 2 | |
| Ancient of Wind | 1 | |
| Tree of Eternity | 1 | |
| Chimaera Roost | 3 | |
44 total
» build order
00:04 Altar of Elders
00:17 Moon Well
00:37 Ancient of War
01:38 Moon Well
02:35 Moon Well
02:37 Moon Well
03:15 Tree of Ages
03:50 Hunter's Hall
04:32 Tree of Life
05:08 Ancient Protector
05:11 Ancient Protector
06:00 Ancient of Lore
06:17 Ancient of Wonders
06:33 Moon Well
08:08 Ancient of Wind
09:04 Ancient of Lore
09:13 Tree of Eternity
09:16 Ancient Protector
09:17 Ancient Protector
09:51 Moon Well
10:13 Moon Well
11:15 Tree of Life
11:37 Chimaera Roost
14:29 Moon Well
16:17 Chimaera Roost
16:19 Chimaera Roost
19:40 Ancient Protector
19:40 Ancient Protector
21:56 Moon Well
21:56 Moon Well
23:07 Tree of Life
24:29 Ancient of Wonders
25:29 Tree of Life
28:46 Tree of Life
34:49 Ancient Protector
34:58 Ancient Protector
34:58 Ancient Protector
35:10 Tree of Life
42:38 Ancient Protector
42:39 Ancient Protector
42:39 Ancient Protector
42:39 Ancient Protector
42:54 Ancient Protector
43:19 Ancient Protector
» items
| Staff of Preservation | 3 | |
| Boots of Speed | 1 | |
| Potion of Healing | 8 | |
| Orb of Venom | 3 | |
| Anti-magic Potion | 1 | |
| Scroll of Town Portal | 11 | |
| Scroll of Healing | 1 | |
| Moonstone | 1 | |
29 total
team 8 (loser)
FFA.SMERBECK (
purple | 88 APM | 2040 actions | 23:09)
4 Death Knight
3 Death Coil
1 Unholy Aura
5 Lich
3 Frost Nova
2 Dark Ritual
» actions
| Assign group hotkey | 43 | |
| Basic commands | 69 | |
| Build / train | 67 | |
| Enter build submenu | 22 | |
| Enter hero's abilities submenu | 9 | |
| Give item / drop item | 1 | |
| Right click | 925 | |
| Select / deselect | 329 | |
| Select group hotkey | 504 | |
| Use ability | 71 | |
2040 total
» units
| Acolyte | 2 | |
| Ghoul | 6 | |
| Crypt Fiend | 6 | |
| Meatwagon | 2 | |
| Necromancer | 6 | |
| Frost Wyrm | 3 | |
| Banshee | 1 | |
26 total
» upgrades
| Exhume Corpses | 1 | |
| Web | 1 | |
| Necromancer Training | 2 | |
| Skeletal Longevity | 1 | |
| Skeletal Mastery | 1 | |
| Disease Cloud | 1 | |
| Creature Attack | 2 | |
| Creature Carapace | 1 | |
| Banshee Training | 1 | |
11 total
» buildings
| Graveyard | 1 | |
| Crypt | 1 | |
| Altar of Darkness | 1 | |
| Ziggurat | 7 | |
| Tomb of Relics | 1 | |
| Nerubian Tower | 3 | |
| Spirit Tower | 8 | |
| Halls of the Dead | 1 | |
| Temple of the Damned | 2 | |
| Slaughterhouse | 1 | |
| Black Citadel | 2 | |
| Sacrificial Pit | 1 | |
| Boneyard | 1 | |
30 total
» build order
00:12 Graveyard
00:18 Crypt
00:44 Altar of Darkness
01:04 Ziggurat
01:14 Tomb of Relics
02:02 Ziggurat
02:54 Nerubian Tower
02:56 Spirit Tower
03:22 Ziggurat
04:14 Halls of the Dead
04:49 Spirit Tower
05:59 Ziggurat
06:04 Ziggurat
06:43 Temple of the Damned
06:45 Slaughterhouse
07:07 Nerubian Tower
07:07 Nerubian Tower
07:37 Black Citadel
07:49 Temple of the Damned
09:35 Spirit Tower
09:35 Spirit Tower
10:01 Ziggurat
11:02 Spirit Tower
11:03 Spirit Tower
11:38 Ziggurat
12:35 Spirit Tower
12:35 Spirit Tower
12:56 Sacrificial Pit
14:13 Boneyard
» items
| Rod of Necromancy | 1 | |
| Potion of Mana | 1 | |
| Orb of Corruption | 2 | |
| Scroll of Town Portal | 1 | |
5 total
team 9 (loser)
Marshall696 (
blue | 49 APM | 1392 actions | 28:14)
1 Paladin
1 Holy Light
4 Mountain King
2 Storm Bolt
2 Bash
» actions
| Basic commands | 3 | |
| Build / train | 72 | |
| Enter build submenu | 38 | |
| Enter hero's abilities submenu | 5 | |
| Remove unit from queue | 2 | |
| Right click | 780 | |
| Select / deselect | 438 | |
| Use ability | 53 | |
1392 total
» units
| Peasant | 35 | |
| Rifleman | 8 | |
| Priest | 11 | |
54 total
» upgrades
| Armor | 2 | |
| Priest Training | 2 | |
| Lumber Harvesting | 1 | |
| Swords | 1 | |
6 total
» buildings
| Altar of Kings | 4 | |
| Farm | 10 | |
| Lumber Mill | 3 | |
| Blacksmith | 1 | |
| Barracks | 3 | |
| Keep | 1 | |
| Arcane Sanctum | 1 | |
| Castle | 1 | |
| Town Hall | 1 | |
| Scout Tower | 4 | |
| Gryphon Aviary | 1 | |
| Guard Tower | 1 | |
31 total
» build order
00:34 Altar of Kings
00:45 Farm
01:01 Lumber Mill
01:24 Farm
01:45 Blacksmith
02:03 Farm
02:34 Barracks
02:39 Farm
03:23 Barracks
03:49 Keep
04:04 Farm
05:23 Farm
05:50 Lumber Mill
06:23 Farm
06:34 Arcane Sanctum
07:19 Farm
08:51 Farm
10:27 Castle
10:55 Town Hall
11:48 Farm
18:41 Scout Tower
21:48 Scout Tower
21:59 Scout Tower
22:19 Gryphon Aviary
22:33 Lumber Mill
23:00 Guard Tower
24:53 Altar of Kings
24:55 Barracks
25:06 Altar of Kings
26:38 Altar of Kings
27:24 Scout Tower
Chat log
(00:05 / All) Twi.light: lol
(00:07 / All) mata.: ugh
(00:10 / All) mata.: more like Smallffa
(00:10 / All) french17: shit fuck
(00:15 / All) Twi.light: yeah
(00:18 / All) Twi.light: Nob host
(01:39 / All) french17: tays ways better
(01:56 / All) TIMG4STRok: yo keith whats good
(02:12 / All) FFA.SMERBECK: raping you in ffa
(02:18 / All) TIMG4STRok: for real?
(02:25 / All) FFA.SMERBECK: For real
(12:10 / All) Marshall696: uredead now
(13:40 / All) french17: damnit
(13:43 / All) french17: im so dead
(13:47 / All) Marshall696: run
(13:52 / All) french17: ya i try
(15:37 / All) Marshall696: thats right run puple
(15:48 / All) FFA.SMERBECK: teleporting =/= running
(15:59 / All) Marshall696: u still ran like a pussy
(16:07 / All) FFA.SMERBECK: you still lose
(16:17 / All) Marshall696: then y ant i dead
(17:21 / All) mata.: your towers wont save you child
(18:18 / All) Marshall696: undead still is chepa uduamss
(18:45 / All) Marshall696: undead is chepa
(18:52 / All) Marshall696: and no one can beat it
(18:55 / All) mata.: wisdom
(18:56 / All) FFA.SMERBECK: k exp tome
(18:56 / All) Marshall696: noob
(18:57 / All) mata.: except that last bit
(19:05 / All) Marshall696: and it is still cheap
(19:15 / All) FFA.SMERBECK: and youre still an exp tome
(19:23 / All) Marshall696: and u now it wins
(19:36 / All) mata.: ok etal
(19:37 / All) mata.: teal
(19:40 / All) mata.: i'm gonna leave you alone
(19:41 / All) Marshall696: puple is pussy
(19:45 / All) mata.: cause it's really a waste of time
(19:49 / All) screendevil911: lmao
(19:52 / All) Marshall696: he nows undead wins alll the time
(20:04 / All) FFA.SMERBECK: why dont you play undead
(20:12 / All) Marshall696: cause it is cheap dumass
(20:16 / All) FFA.SMERBECK: k
(20:24 / All) Marshall696: fuck u chepa fuck
(20:44 / All) mata.: see teal
(20:51 / All) screendevil911: i noe ur plan
(20:54 / All) mata.: while you were turtling up like a noob people crept the whole map
(20:56 / All) Marshall696: cheap
(20:58 / All) Marshall696: undead
(21:12 / All) screendevil911: i had to since ur ass kept harassing me
(21:27 / All) mata.: i aint gonna go over 50 food for you
(21:33 / All) french17: r u dead blue
(22:02 / All) french17: wtf is that red
(22:16 / All) dering: tower rush only works for a few minutes
(22:17 / All) dering: times up
(22:30 / All) french17: do u think i care
(22:39 / All) dering: I think you are a newb and you lost
(22:40 / All) FFA.SMERBECK: lol
(22:44 / All) FFA.SMERBECK: GG timmyg
(22:46 / All) TIMG4STRok: gg
(22:53 / All) Marshall696: hahaha lol he is dead
(22:53 / All) french17: not like iot matters
(23:01 / All) FFA.SMERBECK: hahaha lol so are you blue
(23:05 / All) french17: if i killed u game over
(23:19 / All) french17: gg
(23:35 / All) Marshall696: doamit
(24:32 / All) Marshall696: hidign bitche
(25:39 / All) Marshall696: i am dead with one griffen thing
(25:50 / All) Marshall696: hahah grey i am alice
(25:53 / All) Marshall696: lolololoo
(25:57 / All) Marshall696: one girffen
(26:16 / All) screendevil911: finally
(26:17 / All) screendevil911: lmao
(26:25 / All) screendevil911: but in the long run u lost green
(26:29 / All) mata.: probably not
(26:36 / All) screendevil911: yea
(26:39 / All) screendevil911: u got no anti air
(26:43 / All) screendevil911: and no items
(26:45 / All) mata.: ?????????????????????????????????????????????????????????
(26:52 / All) mata.: yeah you denied me items
(26:53 / All) screendevil911: because the red points been crept
(27:38 / All) Marshall696: fuck u
(27:57 / All) Marshall696: i leave
(28:00 / All) TIMG4STRok: peace
(28:11 / All) Marshall696: damit now i am dead thanks red
(51:14 / All) mata.: christ
(51:17 / All) mata.: this game is so laggy
(51:23 / All) dering: no it's not fuck you
(51:30 / All) mata.: there's no way for me to take on an army
(51:39 / All) TIMG4STRok: noob red where you hiding
(51:58 / All) dering: i'm not hiding i'm just waiting for the game to end
(52:05 / All) mata.: its obs on defeat you raelize
(56:29 / All) TIMG4STRok: noob red
(56:30 / All) TIMG4STRok: leaVE
(56:35 / All) dering: ok sorry leaving
(56:41 / All) Minkob: no kil him lol
(56:43 / All) Minkob: theey teaming me
(56:50 / All) dering: green attacked you?
(57:30 / All) Minkob: ya they both teaming me
(57:38 / All) dering: i hope yo win
(58:13 / All) Minkob: canbt
(58:16 / All) Minkob: he killed my base
(58:19 / All) Minkob: green will lose to grey
(58:20 / All) Minkob: so gg
(60:46 / All) mata.: haha where the fuck that chim army come from
(62:01 / All) Minkob: gg
(62:06 / All) TIMG4STRok: gg